 Dungeon Crawl Stone Soup version 0.13.1-27-ga479965 (webtiles) character file.

8774 Chiseanne the Thaumaturge (level 11, -10/56 HPs)
             Began as a Deep Elf Conjurer on Feb 8, 2014.
             Mangled by a blue devil (16 damage)
             ... summoned by a silver statue
             ... on Level 11 of the Dungeon.
             The game lasted 00:53:10 (11307 turns).

Chiseanne the Thaumaturge (Deep Elf Conjurer)      Turns: 11307, Time: 00:53:11

HP -10/56        AC  9     Str  8      XL: 11   Next: 13%
MP  20/42        EV 13     Int 23      God:
Gold 102         SH 10     Dex 15      Spells:  4 memorised, 23 levels left

Res.Fire  : . . .   See Invis. : .   a - staff of conjuration
Res.Cold  : + . .   Warding    : .   s - +1 orc leather armour {rC+}
Life Prot.: . . .   Conserve   : .   y - +0 orc buckler
Res.Poison: +       Res.Corr.  : .   f - +0 wizard hat
Res.Elec. : .       Clarity    : .   A - +2 cloak {rPois}
Sust.Abil.: . .     Spirit.Shd : .   H - +1 pair of gloves
Res.Mut.  : .       Stasis     : .   (no boots)
Res.Rott. : .       Flight     : .   (no amulet)
Saprovore : . . .                    B - +2 ring of strength
                                     F - ring of magical power

@: burdened, about to teleport, slow, somewhat resistant to hostile
enchantments, unstealthy
A: no striking features
a: no special abilities


You were on level 11 of the Dungeon.
You were encumbered.
You were hungry.

You visited 2 branches of the dungeon, and saw 12 of its levels.

You collected 481 gold pieces.
You spent 399 gold pieces at shops.

Inventory:

Hand weapons
 l - a +4,+3 hand axe of electrocution (quivered)
 w - a +0 blowgun
Missiles
 p - 3 poisoned needles
Armour
 d - a +2 robe of magic resistance
 f - a +0 wizard hat (worn)
 s - a +1 orcish leather armour of cold resistance (worn)
 y - a +0 orcish buckler (worn)
 A - a +2 cloak of poison resistance (worn)
 H - a +1 pair of gloves (worn)
Magical devices
 C - a wand of draining (4)
Comestibles
 b - 8 bread rations
 g - 7 meat rations
 j - 2 royal jellies
 J - 3 honeycombs
 K - a choko
Scrolls
 e - a scroll of enchant weapon I
 h - 2 scrolls of recharging
 k - 7 scrolls of remove curse
 n - a scroll of enchant weapon III
 o - 4 scrolls of fog
 q - a scroll of fear
 t - 2 scrolls of teleportation
 v - a scroll of magic mapping
 x - a scroll of amnesia
 E - a scroll of identify
 G - a scroll of brand weapon
Jewellery
 B - a +2 ring of strength (right hand)
 D - an uncursed ring of wizardry
 F - a ring of magical power (left hand)
 M - a +3 ring of intelligence
Potions
 i - 3 potions of speed
 m - 10 potions of curing
 r - 2 potions of restore abilities
 u - a potion of flight
Books
 c - a book of Conjurations

   Spells                             Type                      Level
   *Magic Dart                        Conjuration                  1
   Searing Ray                        Conjuration                  2
   Dazzling Spray                     Conjuration/Hexes            3
   *Iskenderun's Mystic Blast         Conjuration                  4
   *Iskenderun's Battlesphere         Conjuration/Charms           4
   *Fulminant Prism                   Conjuration/Hexes            5
Magical staves
 a - an uncursed staff of conjuration (weapon)
Miscellaneous
 z - a lantern of shadows


   Skills:
 - Level 1.6 Fighting
 * Level 5.3 Dodging
 - Level 2.4 Stealth
 * Level 3.2 Shields
 * Level 13.5 Spellcasting
 * Level 13.4 Conjurations


You had 23 spell levels left.
You knew the following spells:

 Your Spells              Type           Power        Failure   Level  Hunger
a - Magic Dart            Conj           ####         1%          1    None
b - Iskenderun's Mystic   Conj           #######.     1%          4    None
c - Iskenderun's Battles  Conj/Chrm      ######..     2%          4    None
d - Fulminant Prism       Conj/Hex       ######....   10%         5    ##.....


Dungeon Overview and Level Annotations

Branches:
Dungeon (11/27)            Temple (1/1) D:5             Orc (0/4) D:6
   Lair: D:8-13

Altars:
Ashenzari
Cheibriados
Elyvilon
Fedhas
Kikubaaqudgha
Makhleb
Nemelex Xobeh
Okawaru
Sif Muna
Trog
Xom
Yredelemnul
Zin
the Shining One

Shops:
D:5 (   D:8 *   D:9 /+[[[

Annotations:
D:11 exclusions: ice statue and silver statue


Message History

Unknown command.
Evoke which item? (* to show all) (? for menu, Esc to quit)
Okay, then.
Press: ? - help, v - describe, . - travel
Here: a sun demon (almost dead, summoned)
The floor.
Unknown command.
Unknown command.
Unknown command.
Casting: Iskenderun's Mystic Blast
Confirm with . or Enter, or press ? or * to list all spells.
Aiming: Iskenderun's Mystic Blast
Press: ? - help, Shift-Dir - straight line, f/p - sun demon
Aim: a sun demon (almost dead, summoned)
You feel a surge of power!
The orb of energy hits the sun demon.
You kill the sun demon!
The ice beast hits you but does no damage.
The blue devil swoops through the air toward you!
The blue devil hits you!
You die...

...##..... #......%. ##.....#
#..#####. ####.....# #..# #.
#.......## #..# #.
#........####..#####.
#..###.....<.........
#############..# #*..(..........
...............####..............
...............4@I...............
.................................
...............####..............
...............# #..............
...............# #..............
...............# #..............
...............####..............
....?............................
.................................


You could see a blue devil and an ice beast.

Vanquished Creatures
  Gastronok (D:8)
  Harold (D:11)
  Urug (D:10)
  A sun demon (D:11)
  Pikel (D:8)
  A hill giant (D:11)
  An unseen horror (D:11)
  Maurice (D:9)
  2 orange demons (D:11)
  3 yaks (D:9)
  Eustachio (D:6)
  2 hippogriffs
  A merfolk (D:9)
  Edmund (D:6)
  2 sky beasts
  4 orc warriors
  A slave (D:8)
  A yellow wasp (D:9)
  A black bear (D:7)
  2 phantoms
  2 centaurs
  6 ogres
  A big kobold (D:11)
  2 giant frogs (D:7)
  4 killer bees (D:9)
  A yak zombie (D:10)
  A troll skeleton (D:11)
  3 crimson imps
  4 goliath beetles
  A quasit (D:6)
  5 hounds
  8 orc priests
  2 jellies
  3 iguanas
  2 orc wizards
  7 worker ants
  An ogre zombie (D:9)
  A hound skeleton (D:9)
  A worker ant zombie (D:9)
  10 gnolls
  5 adders
  3 worms
  A giant mite (D:7)
  An adder skeleton (D:5)
  2 giant eyeballs
  2 giant geckos
  An ooze (D:4)
  31 orcs
  2 giant cockroaches
  15 goblins
  13 hobgoblins
  8 jackals
  4 training dummies (D:4)
  7 bats
  9 giant newts
  A giant spore (D:11)
  15 kobolds
  4 quokkas
  14 rats
  3 ballistomycetes (D:11)
235 creatures vanquished.

Vanquished Creatures (others)
  A slave (D:8)
  An orc wizard (D:8)
  11 fulminant prisms
  An orc (D:8)
  A quokka (D:8)
15 creatures vanquished.

Grand Total: 250 creatures vanquished

Notes
Turn   | Place    | Note
--------------------------------------------------------------
     0 | D:1      | Chiseanne, the Deep Elf Conjurer, began the quest for the Orb.
     0 | D:1      | Reached XP level 1. HP: 10/10 MP: 4/4
   462 | D:1      | Reached XP level 2. HP: 15/15 MP: 0/6
   827 | D:1      | Reached skill level 5 in Conjurations
  1304 | D:2      | Reached XP level 3. HP: 13/19 MP: 9/9
  1667 | D:3      | Noticed an ogre
  1674 | D:3      | Killed an ogre
  1674 | D:3      | Reached skill level 6 in Conjurations
  1674 | D:3      | Reached XP level 4. HP: 24/24 MP: 12/12
  1727 | D:3      | Learned a level 4 spell: Iskenderun's Mystic Blast
  1829 | D:3      | Reached XP level 5. HP: 25/28 MP: 15/15
  1876 | D:3      | Learned a level 4 spell: Iskenderun's Battlesphere
  2058 | D:3      | Found a snail-covered altar of Cheibriados.
  2375 | D:3      | Reached skill level 7 in Conjurations
  2554 | D:4      | Reached XP level 6. HP: 14/32 MP: 4/19
  3189 | D:4      | Found an iron altar of Okawaru.
  3376 | D:4      | Reached skill level 5 in Spellcasting
  3636 | D:4      | Reached skill level 8 in Conjurations
  3765 | D:5      | Entered Level 5 of the Dungeon
  3843 | D:5      | Reached XP level 7. HP: 36/36 MP: 22/22
  3967 | D:5      | Found a staircase to the Ecumenical Temple.
  3992 | Temple   | Entered the Ecumenical Temple
  4263 | D:5      | Found Qemuboom's Antique Weapon Shoppe.
  4378 | D:5      | Found a basalt altar of Yredelemnul.
  5184 | D:6      | Found a staircase to the Orcish Mines.
  5191 | D:6      | Reached skill level 9 in Conjurations
  5335 | D:6      | Noticed Edmund
  5341 | D:6      | Killed Edmund
  5341 | D:6      | Reached XP level 8. HP: 41/41 MP: 17/25
  5399 | D:6      | Noticed Eustachio
  5403 | D:6      | Killed Eustachio
  5529 | D:6      | Found a deep blue altar of Sif Muna.
  5821 | D:7      | Found a sparkling altar of Nemelex Xobeh.
  6092 | D:7      | Reached skill level 10 in Conjurations
  6813 | D:8      | Learned a level 5 spell: Fulminant Prism
  6844 | D:8      | Found Thruin's General Store.
  7313 | D:8      | Noticed Gastronok
  7321 | D:8      | Reached XP level 9. HP: 9/45 MP: 26/29
  7585 | D:8      | Killed Gastronok
  7585 | D:8      | Reached skill level 1 in Fighting
  7585 | D:8      | Reached skill level 1 in Shields
  7585 | D:8      | Reached skill level 11 in Spellcasting
  7744 | D:8      | Bought a +1 orcish leather armour of cold resistance for 176 gold pieces
  7755 | D:8      | Bought 2 potions of curing for 52 gold pieces
  7755 | D:8      | Bought a potion of curing for 26 gold pieces
  7756 | D:8      | Bought a lemon for 15 gold pieces
  7756 | D:8      | Bought a scroll of teleportation for 39 gold pieces
  7756 | D:8      | Bought 3 scrolls of random uselessness for 39 gold pieces
  7784 | D:8      | Noticed Pikel
  7788 | D:8      | Killed Pikel
  8148 | D:9      | Reached XP level 10. HP: 52/52 MP: 28/31
  8218 | D:9      | Reached skill level 12 in Conjurations
  8308 | D:9      | Found Kapsamn's Antique Armour Boutique.
  8317 | D:9      | Bought a runed cloak for 26 gold pieces
  8439 | D:9      | Noticed Maurice
  8447 | D:9      | Killed Maurice
  8556 | D:9      | Found a bloodstained altar of Trog.
  8614 | D:9      | Found Moaruaxad's Armour Emporium.
  8681 | D:9      | Found Cannar's Magical Wand Boutique.
  8696 | D:9      | Found Stytiyvi's Book Emporium.
  8710 | D:9      | Found a shimmering altar of Xom.
  9072 | D:9      | Found Oficuut's Antique Armour Shoppe.
  9081 | D:9      | Bought an embroidered robe for 26 gold pieces
  9587 | D:10     | Entered Level 10 of the Dungeon
  9673 | D:10     | Noticed Urug
  9679 | D:10     | Killed Urug
  9679 | D:10     | Reached skill level 13 in Conjurations
 10356 | D:11     | Noticed a hill giant
 10361 | D:11     | Killed a hill giant
 10361 | D:11     | Reached skill level 5 in Dodging
 10591 | D:11     | Killed an unseen horror
 10726 | D:11     | Reached XP level 11. HP: 56/56 MP: 33/33
 10754 | D:11     | Noticed Harold
 10763 | D:11     | Killed Harold
 10998 | D:11     | Noticed an ice statue
 11301 | D:11     | Noticed a sun demon
 11307 | D:11     | Killed a sun demon
 11307 | D:11     | Mangled by a blue devil

Action                   |  1- 3 |  4- 6 |  7- 9 | 10-12 || total
-------------------------+-------+-------+-------+-------++-------
Melee: Unarmed           |     4 |       |       |       ||     4
       Hand axe          |       |     6 |       |       ||     6
       Staff             |       |       |       |     1 ||     1
 Cast: Magic Dart        |    54 |    89 |   114 |    69 ||   326
       Iskenderun's Myst |       |    15 |    47 |    59 ||   121
       Iskenderun's Batt |       |    12 |    38 |    23 ||    73
       Fulminant Prism   |       |       |     4 |     7 ||    11
Evoke: Wand              |       |     1 |     1 |     1 ||     3
  Use: Scroll            |     8 |     6 |    25 |     3 ||    42
       Potion            |     1 |     3 |     1 |     2 ||     7
